 Dungeon Crawl Stone Soup version 0.29.1-15-g9cfb28693d (webtiles) character file.

Game seed: 1994723896030589521

112 croobank the Purveyor of Pain (level 4, 0/33 HPs)
             Began as a Demonspawn Necromancer on Mar 24, 2023.
             Was an Initiate of Kikubaaqudgha.
             Slain by Duvessa
             ... wielding a +0 short sword
              (6 damage)
             ... on level 4 of the Dungeon.
             The game lasted 00:09:40 (2959 turns).

croobank the Purveyor of Pain (DsNe)                Turns: 2959, Time: 00:09:40

Health: 0/33       AC:  2    Str:  9    XL:     4   Next: 63%
Magic:  7/7        EV: 12    Int: 18    God:    Kikubaaqudgha [......]
Gold:   130        SH:  0    Dex: 13    Spells: 4/8 levels left

rFire   + . .      SeeInvis .   e - +1 dagger (speed)
rCold   . . .      Faith    .   (no shield)
rNeg    . . .      Spirit   .   a - +0 robe
rPois   .          Reflect  .   (no helmet)
rElec   .          Harm     .   (no cloak)
rCorr   .          Rampage  .   (no gloves)
Will    .....                   (no boots)
Stlth   ++........              (no amulet)
HPRegen 0.11/turn               m - ring of protection from fire
MPRegen 0.10/turn               z - ring of wizardry

@: no status effects
A: spiny 1
a: Renounce Religion


You were on level 4 of the Dungeon.
You worshipped Kikubaaqudgha.
Kikubaaqudgha was noncommittal.
You visited 1 branch of the dungeon, and saw 4 of its levels.

You collected 130 gold pieces.

Inventory:

Hand Weapons
 d - a +0 hand axe
 e - a +1 dagger of speed (weapon)
 f - a +0 short sword of venom
 x - a +0 trident
Missiles
 l - 6 poisoned darts
 s - 2 datura-tipped darts
Armour
 a - a +0 robe (worn)
 c - a +1 leather armour
Jewellery
 m - a ring of protection from fire (left hand)
 z - a ring of wizardry (right hand)
Scrolls
 g - 3 scrolls of poison
 k - a scroll of vulnerability
 t - a scroll of blinking
 w - 2 scrolls of teleportation
Potions
 h - 2 potions of flight
 i - a potion of might
 j - a potion of berserk rage
 n - a potion of haste
 o - 2 potions of mutation
 p - 5 potions of curing {unknown}
 r - 3 potions of heal wounds {unknown}
 v - a potion of degeneration {unknown}
 A - a potion of invisibility {unknown}


   Skills:
 + Level 1.7 Fighting
 + Level 2.4 Dodging
 + Level 2.6 Stealth
 + Level 2.6 Spellcasting
 + Level 4.9 Necromancy


You had 4 spell levels left.
You knew the following spells:

 Your Spells              Type           Power      Damage    Failure   Level
a - Necrotise             Necr           80%        1d8       1%          1
b - Vampiric Draining     Necr           20%        2d7       2%          3

Your spell library contained the following spells:

 Spells                   Type           Power      Damage    Failure   Level
 Summon Small Mammal      Summ           8%         N/A       7%          1
 Animate Dead             Necr           20%        N/A       9%          4
 Call Canine Familiar     Summ           2%         N/A       21%         3
 Summon Guardian Golem    Hex/Summ       2%         N/A       21%         3
 Agony                    Necr           20%        N/A       24%         5


Dungeon Overview and Level Annotations

Branches:
Dungeon (4/15)
 Temple: D:4-7

Altars:
Kikubaaqudgha

Shops:
D:1 *

Annotations:
D:4 Dowan, Duvessa


Innate Abilities, Weirdness & Mutations

You are partially covered in sharp spines.


Message History

You swap places.
Duvessa hits your kobold skeleton with a +0 short sword!
Your kobold skeleton is destroyed!
You see here a +0 dagger.
Casting: Necrotise (safe; 1% risk of failure)
Confirm with . or Enter, or press ? or * to list all spells.
Aiming: Necrotise (safe; 1% risk of failure)
Press: ? - help, Shift-Dir - straight line, f/p - Duvessa
Aim: Duvessa, wielding a +0 short sword and wearing a +0 leather armour (lightly wounded, chance to affect: 63%) Duvessa resists with significant effort.
You hit Duvessa.
Duvessa is lightly wounded.
Duvessa hits you with a +0 short sword.
You hit Duvessa.
Duvessa is lightly wounded.
You hit Duvessa.
Duvessa is moderately wounded.
Duvessa hits you with a +0 short sword!
Dowan casts a spell at Duvessa.
Duvessa seems to speed up.
Casting: Necrotise (safe; 1% risk of failure)
Confirm with . or Enter, or press ? or * to list all spells.
Okay, then.
You hit Duvessa but do no damage.
Duvessa is moderately wounded.
Duvessa hits you with a +0 short sword!
Casting: Necrotise (safe; 1% risk of failure)
Confirm with . or Enter, or press ? or * to list all spells.
You don't have enough magic to cast this spell.
You hit Duvessa.
Duvessa is moderately wounded.
Duvessa barely misses you.
You hit Duvessa but do no damage.
Duvessa is moderately wounded.
Duvessa hits you with a +0 short sword!
* * * LOW HITPOINT WARNING * * *
Magic courses through your body. Duvessa is struck by your spines.
Duvessa hits you with a +0 short sword.
You die...
Kikubaaqudgha rasps: "You have failed me!
Welcome... death!"

#.# #.# #.#
#.## #.#.##
###.###.###
..# ##..#
###.###.#.#
#@#.##.#
##e###.#
#e# #.# #.#
#.# #.# #.#
... ..# #.#
### ..# ###


You could see Duvessa (fast) and Dowan.

Vanquished Creatures
  4 adders
  3 worms
  A dart slug (D:2)
  3 orcs (D:3)
  6 ball pythons
  8 endoplasms
  4 giant cockroaches
  5 goblins
  4 hobgoblins
  6 kobolds
  4 quokkas (D:2)
  2 bats
  4 rats
54 creatures vanquished.

Vanquished Creatures (collateral kills)
  An endoplasm (D:1)
  2 rats
3 creatures vanquished.

Grand Total: 57 creatures vanquished

Notes
Turn   | Place    | Note
-------+----------+-------------------------------------------
     0 | D:1      | croobank the Demonspawn Necromancer began the quest for the
                  | Orb.
     0 | D:1      | Reached XP level 1. HP: 13/13 MP: 3/3
    56 | D:1      | Found Zath's General Store.
   227 | D:1      | Gained mutation: You are partially covered in sharp spines.
                  | [demonic ancestry]
   227 | D:1      | Reached XP level 2. HP: 18/20 MP: 5/5
   325 | D:1      | Found a faded altar of an unknown god.
   799 | D:2      | Reached skill level 1 in Fighting
   805 | D:2      | Reached XP level 3. HP: 24/26 MP: 4/6
  1248 | D:2      | Reached XP level 4. HP: 30/32 MP: 4/7
  1253 | D:2      | Learned a level 3 spell: Vampiric Draining
  1807 | D:3      | Found an ancient bone altar of Kikubaaqudgha.
  1816 | D:3      | Became a worshipper of Kikubaaqudgha
  2944 | D:4      | Noticed Dowan
  2946 | D:4      | Noticed Duvessa
  2959 | D:4      | Slain by Duvessa

Illustrated notes

Levels and vault maps discovered:
D:1:      lemuel_arrival_hallway, layout_rooms,
          shapermc_ecumenical_altar_starsandcircs, serial_shops, shop
D:2:      layout_loops_ring
D:3:      layout_basic, lemuel_coloured_pillars_altar
D:4:      layout_loops_ring, lemuel_zombie_altar_yredelemnul,
          grunt_dithmenos_smoke, minmay_temple_entry_nine_rooms,
          kennysheep_minor_cross, minmay_fountain_box, uniq_duvessa, uniq_robin,
          uniq_grinder

Skill      XL: |  1  2 |
---------------+-------+-----
Stealth        | 2 |  2.6
Dodging        | 2 |  2.4
Fighting       | 1 |  1.7
Spellcasting   | |  2.6
Necromancy     | |  4.9

Action                   |  1- 3 |  4- 6 || total
-------------------------+-------+-------++-------
Melee: Hand axe          |     6 |       ||     6
       Dagger            |    36 |    28 ||    64
 Cast: Necrotise         |    22 |    18 ||    40
       Vampiric Draining |       |    10 ||    10
  Use: Scroll            |     5 |     7 ||    12
       Potion            |       |     1 ||     1
 Stab: Sleeping          |     7 |     4 ||    11
Armor: Robe              |     2 |     1 ||     3
Dodge: Dodged            |    27 |    17 ||    44
